 Dungeon Crawl Stone Soup version 0.24-a0-292-g5c6fb1cd70 (webtiles) character file.

Game seed: 7869185826000710224

190 MachJacob the Firebug (level 5, 0/36 HPs)
             Began as a Demonspawn Fire Elementalist on May 10, 2019.
             Killed from afar by an orc (4 damage)
             ... with an iceblast
             ... on level 3 of the Dungeon.
             The game lasted 00:13:26 (3711 turns).

MachJacob the Firebug (DsFE)                        Turns: 3711, Time: 00:13:27

Health: 0/36       AC:  8    Str: 13    XL:     5   Next: 41%
Magic:  0/9        EV: 13    Int: 18    God:
Gold:   127        SH:  0    Dex: 13    Spells: 1/10 levels left

rFire    . . .     SeeInvis +   n - -1 dagger (curse)
rCold    + . .     Gourm    .   (no shield)
rNeg     . . .     Faith    .   r - +2 robe {rC+}
rPois    .         Spirit   +   (no helmet)
rElec    .         Reflect  .   k - +0 cloak
rCorr    .         Harm     .   b - +0 pair of gloves
MR       .....                  (no boots)
Stlth    ++........             (no amulet)
HPRegen  0.12/turn              m - ring of see invisible
MPRegen  0.11/turn              (no ring)

@: mighty
A: slimy green scales 1, powered by pain 2, magic shield
a: no special abilities


You were on level 3 of the Dungeon.
You were not hungry.

You visited 1 branch of the dungeon, and saw 3 of its levels.

You collected 127 gold pieces.

Inventory:

Hand Weapons
 n - a cursed -1 dagger (weapon)
 o - a +0 dagger
Missiles
 e - 56 stones (quivered)
 h - 68 sling bullets
Armour
 b - a +0 pair of gloves (worn)
 k - a +0 cloak (worn)
 r - a +2 robe of cold resistance (worn)
 t - a +0 leather armour
Jewellery
 m - a ring of see invisible (left hand)
Wands
 s - a wand of acid (6)
Scrolls
 a - a scroll of immolation
 g - 4 scrolls of identify
 i - a scroll of random uselessness {unknown}
 j - a scroll of fog {unknown}
 p - a scroll of amnesia {unknown}
 q - a scroll of teleportation {unknown}
Potions
 d - 2 potions of agility
 f - a potion of heal wounds
 l - a potion of lignification
Comestibles
 c - 5 rations


   Skills:
 + Level 0.3 Fighting
 + Level 2.7 Dodging
 - Level 1.7 Stealth
 * Level 3.0 Spellcasting
 + Level 2.3 Conjurations
 * Level 4.1 Fire Magic


You had one spell level left.
You knew the following spells:

 Your Spells              Type           Power        Failure   Level  Hunger
a - Flame Tongue          Conj/Fire      ##...        4%          1    None
b - Throw Flame           Conj/Fire      ##....       7%          2    ##.....
c - Conjure Flame         Conj/Fire      ##......     13%         3    ###....
d - Inner Flame           Hex/Fire       ##......     22%         3    ###....

Your spell library contained the following spells:

 Spells                   Type           Power        Failure   Level  Hunger
 Magic Dart               Conj           ##..         6%          1    None
 Blink                    Tloc           N/A          24%         2    ##.....
 Call Imp                 Summ           #.......     24%         2    ##.....
 Slow                     Hex            #.......     24%         2    ##.....
 Mephitic Cloud           Conj/Pois/Air  #.......     34%         3    ###....
 Sticky Flame             Conj/Fire      ##......     41%         4    ####...
 Fireball                 Conj/Fire      ##........   77%         5    ######.


Dungeon Overview and Level Annotations

Branches:
Dungeon (3/15)

Altars:
Nemelex Xobeh
Qazlal


Innate Abilities, Weirdness & Mutations

You are partially covered in slimy green scales. (AC +2)
You sometimes gain power by taking damage.
When hurt, damage is shared between your health and your magic reserves.


Message History

You partially resist.
* * * LOW HITPOINT WARNING * * *
Press: ? - help, v - describe, . - travel
Here: an orc, wielding a +0 hand axe, wearing a +0 leather armour and carrying a wand of iceblast (4)
The floor.
Unknown command.
Casting: Flame Tongue (safe; 4% risk of failure)
Confirm with . or Enter, or press ? or * to list all spells.
Aiming: Throw Flame (safe; 7% risk of failure)
Press: ? - help, Shift-Dir - straight line, f - orc
Aim: an orc, wielding a +0 hand axe, wearing a +0 leather armour and carrying a wand of iceblast (4)
The puff of flame hits the orc.
The orc is heavily wounded.
Casting: Throw Flame (safe; 7% risk of failure)
Confirm with . or Enter, or press ? or * to list all spells.
You don't have enough magic to cast that spell.
Unknown command.
The orc zaps a wand.
The mass of ice explodes!
The iceblast engulfs you. You partially resist.
You die...

#.....###o#
#####.....# #o#####
#.# #.# #.# #.#
#.#############
#..oo.....@...#
######.###########.#
.....(...## #.#
#####.....# #.# #
##...## #.# # ##.##
###.##### # #.#
#......<# # #.#
#.#.###.# ##'##
#.#.# #.#


You could see 2 orcs.

Vanquished Creatures
  An orc priest (D:2)
  An orc wizard (D:2)
  5 adders
  An ooze (D:1)
  4 worms
  2 dart slugs (D:1)
  A leopard gecko (D:3)
  6 orcs
  2 giant cockroaches
  8 goblins
  5 hobgoblins
  2 jackals (D:1)
  3 ball pythons
  7 bats
  11 frilled lizards
  4 kobolds
  3 rats
66 creatures vanquished.

Notes
Turn   | Place    | Note
-------+----------+-------------------------------------------
     0 | D:1      | MachJacob the Demonspawn Fire Elementalist began the quest
                  | for the Orb.
     0 | D:1      | Reached XP level 1. HP: 13/13 MP: 3/3
   100 | D:1      | Gained mutation: When hurt, damage is shared between your
                  | health and your magic reserves. [demonic ancestry]
   100 | D:1      | Reached XP level 2. HP: 19/19 MP: 0/5
   158 | D:1      | Learned a level 2 spell: Throw Flame
   439 | D:1      | Reached skill level 3 in Fire Magic
  1145 | D:1      | Gained mutation: You sometimes gain a little power by
                  | taking damage. [demonic ancestry]
  1145 | D:1      | Reached XP level 3. HP: 10/24 MP: 0/6
  1970 | D:2      | Gained mutation: You are partially covered in slimy green
                  | scales. (AC +2) [demonic ancestry]
  1970 | D:2      | Reached XP level 4. HP: 30/30 MP: 3/7
  2085 | D:1      | Learned a level 3 spell: Conjure Flame
  2233 | D:2      | Gained mutation: You sometimes gain power by taking damage.
                  | [demonic ancestry]
  2233 | D:2      | Reached XP level 5. HP: 35/35 MP: 5/9
  2244 | D:2      | Learned a level 3 spell: Inner Flame
  2560 | D:2      | Found a sparkling altar of Nemelex Xobeh.
  2615 | D:2      | Reached skill level 4 in Fire Magic
  3221 | D:3      | Found a stormy altar of Qazlal.
  3711 | D:3      | Killed from afar by an orc

Levels and vault maps discovered:
D:1:      wander_arrival_peaceful_grave, layout_basic, hangedman_decor_opposing
D:2:      layout_basic, nemelex_xobeh_ov_fountains_minmay, first_ration
D:3:      layout_loops_corners, nicolae_qazlal_general_emergency

Skill      XL: |  1  2  3  4  5 |
---------------+----------------+-----
Dodging        | 2 |  2.7
Fire Magic     | 3 4 |  4.1
Conjurations   | 2 |  2.3
Spellcasting   | 3 |  3.0
Fighting       | |  0.3
Stealth        | |  1.7

Action                   |  1- 3 |  4- 6 || total
-------------------------+-------+-------++-------
Melee: Dagger            |    17 |    13 ||    30
Throw: Stone             |     2 |     5 ||     7
 Cast: Flame Tongue      |    74 |    71 ||   145
       Throw Flame       |     1 |     1 ||     2
       Conjure Flame     |       |     3 ||     3
  Use: Scroll            |     1 |     4 ||     5
 Stab: Sleeping          |       |     1 ||     1
  Eat: Chunk             |     4 |     6 ||    10
Armor: Robe              |    12 |    13 ||    25
Dodge: Dodged            |    23 |    27 ||    50

Table legend:
 A = Non-vault XP
 B = Vault XP
 C = Vault XP percentage of total XP
 D = Non-vault monster count
 E = Vault monster count
 F = Vault count percentage of total count
                 A         B        C        D         E       F
            +---------+---------+-------+---------+---------+-------
      Total |     272 |       0 |   0.0 |      66 |       0 |   0.0
            +---------+---------+-------+---------+---------+-------
        D:1 |      58 |       0 |   0.0 |      27 |       0 |   0.0
        D:2 |     167 |       0 |   0.0 |      21 |       0 |   0.0
        D:3 |      47 |       0 |   0.0 |      18 |       0 |   0.0
            +---------+---------+-------+---------+---------+-------
